 Dungeon Crawl Stone Soup version 0.27-a0-59-gfbafd837a3 (webtiles) character file.

Game seed: 17886293926011419899

18819 Borgoz the Grappler (level 12, -7/184 HPs)
             Began as a Troll Berserker on Jan 8, 2021.
             Was a High Priest of Trog.
             Mangled by an orc
             ... wielding a +0 trident
             ... summoned by an orc
              (12 damage)
             ... in a bailey.
             The game lasted 00:16:28 (9428 turns).

Borgoz the Grappler (Troll Berserker)               Turns: 9428, Time: 00:16:29

Health: -7/184     AC:  9    Str: 28    XL:     12   Next: 31%
Magic:  0/20       EV: 16    Int:  4    God:    Trog [*****.]
Gold:   623        SH:  0    Dex: 18    Spells: 11/11 levels left

rFire    + + +     SeeInvis .     - Unarmed
rCold    + . .     Faith    .   (no shield)
rNeg     + . .     Spirit   +   E - +2 troll leather armour
rPois    +         Reflect  .   y - -2 hat of the Alchemist {rElec rPois rF+ rC+ rN+ Will+ rMut rCorr}
rElec    +         Harm     .   (no cloak)
rCorr    +         Rampage  .   (gloves unavailable)
rMut     +                      (boots unavailable)
Will     +....                  v - amulet of guardian spirit
Stlth    ..........             o - ring "Qiff" {rF++ MP+9 Dex+6 Slay+3 Stlth-}
HPRegen  1.20/turn              t - ring of protection from fire
MPRegen  0.17/turn

@: berserking (expiring), very quick
A: large, unfitting armour, claws 3, regeneration 1, shaggy fur 1, tough skin 3
a: Renounce Religion, Berserk, Trog's Hand, Brothers in Arms


You were in a bailey.
You worshipped Trog.
Trog was extremely pleased with you.
You visited 2 branches of the dungeon, and saw 12 of its levels.
You also visited: Bailey.

You collected 721 gold pieces.
You spent 98 gold pieces at shops.

Inventory:

Missiles
 z - 2 throwing nets
Armour
 y - the -2 hat of the Alchemist (worn) {rElec rPois rF+ rC+ rN+ Will+ rMut rCorr}
   (You found it on level 9 of the Dungeon)

   It protects you from fire.
   It protects you from cold.
   It insulates you from electricity.
   It protects you from poison.
   It protects you from negative energy.
   It affects your willpower, your defense against some magical effects.
   It provides partial protection from all sources of acid and corrosion.
   It protects you from mutation.
 E - a +2 troll leather armour (worn)
Jewellery
 c - an uncursed ring of flight
 o - the ring "Qiff" (left claw) {rF++ MP+9 Dex+6 Slay+3 Stlth-}
   (You acquired it on level 7 of the Dungeon)

   [ring of dexterity]

   It affects your dexterity (+6).
   It affects your accuracy and damage with ranged weapons and melee attacks
   (+3).
   It greatly protects you from fire.
   It affects your magic capacity (+9).
   It makes you less stealthy.
 t - a ring of protection from fire (right claw)
 v - an amulet of guardian spirit (around neck)
Wands
 a - a wand of digging (7)
 h - a wand of polymorph (5)
 i - a wand of paralysis (11)
 j - a wand of flame (9)
 r - a wand of random effects (10)
 u - a wand of acid (7)
 x - a wand of iceblast (2)
Scrolls
 d - 2 scrolls of blinking
 e - 11 scrolls of remove curse
 k - 3 scrolls of teleportation
 m - a scroll of fear
 n - 3 scrolls of fog
 p - a scroll of magic mapping
 q - a scroll of enchant weapon
Potions
 b - 6 potions of might
 f - 5 potions of heal wounds
 g - 6 potions of curing
 l - 4 potions of berserk rage
 s - a potion of haste
 w - a potion of cancellation
 A - 2 potions of mutation
 B - a potion of experience {unknown}


   Skills:
 * Level 9.1 Fighting
 * Level 8.6 Armour
 * Level 9.1 Dodging
 * Level 10.7 Unarmed Combat


You had 11 spell levels left.
You didn't know any spells.
Your spell library was empty.

Dungeon Overview and Level Annotations

Branches:
Dungeon (11/15)            Temple (1/1) D:5            Lair (0/6) D:10
    Orc (0/2) D:10         Bailey (1/1)

Altars:
Ashenzari
Cheibriados
Dithmenos
Elyvilon
Fedhas
Gozag
Hepliaklqana
Kikubaaqudgha
Makhleb
Nemelex Xobeh
Okawaru
Qazlal
Ru
Sif Muna
Trog
Uskayaw
Vehumet
Wu Jian
Xom
Yredelemnul
Zin
The Shining One

Shops:
D:5 (   D:10 ?


Innate Abilities, Weirdness & Mutations

You are too large for most types of armour.
You have claws for hands.
Your natural rate of healing is unusually fast.
You are covered in fur. (AC +1)
You have extremely tough skin. (AC +3)


Message History

You claw the orc knight!
The orc knight is almost dead.
The gnoll misses you.
The gnoll hits you from afar with a +0 spear!
* * * LOW HITPOINT WARNING * * *
The gnoll barely misses you. The orc completely misses you.
The gnoll misses you.
You mangle the orc knight!!
You kill the orc knight!
Trog accepts your kill. The gnoll barely misses you.
The orc completely misses you. The gnoll completely misses you.
The gnoll barely misses you. The orc closely misses you. x2
You are too berserk!
You are too berserk!
The gnoll barely misses you. The gnoll hits you with a +0 flail.
* * * LOW HITPOINT WARNING * * *
The gnoll barely misses you. The gnoll completely misses you.
The orc hits you with a +0 trident!
You die...

#.....#
#..)..#
#.....#
##'''##
##...).##
#..).)..#
#....)..#
#.oggg..#


#og@ogo.# #.og.go.# ##ogggo## #oogog# #ogoog# .ooo... #..o....# #.......# You
could see an orc knight (strong), 2 orc warriors, 14 gnolls and 15 orcs.

Vanquished Creatures
  Harold (D:9)
  Erolcha (D:11)
  3 centaur warriors
  A two-headed ogre (D:11)
  3 orc knights (Bailey)
  Pikel (D:7)
  A manticore (D:11)
  2 centaur skeletons
  2 gargoyles
  A kobold demonologist (D:11)
  Maggie (D:6)
  A troll (D:10)
  Prince Ribbit (D:9)
  Sigmund (D:2)
  The ghost of emiel the Poker, an amateur NaFi (D:3)
  24 yaks
  2 wyverns
  Edmund (D:5)
  2 wargs (D:10)
  Menkaure (D:4)
  12 orc warriors
  5 water moccasins
  A sky beast (D:6)
  An ice beast (D:8)
  3 black bears
  An eye of draining (D:8)
  2 ogres
  A phantom (D:5)
  3 centaurs
  A big kobold (D:10)
  14 bullfrogs
  A scorpion (D:6)
  5 killer bees (D:8)
  18 wights
  A howler monkey (D:7)
  A centaur zombie (D:8)
  5 hounds
  2 jellies
  10 orc priests
  8 orc wizards
  5 worker ants
  7 iguanas
  A hound skeleton (D:10)
  3 hound zombies
  A worker ant zombie (D:7)
  Robin (D:2)
  8 adders
  4 gnolls (D:10)
  A white imp (D:5)
  2 ufetubi
  An adder zombie (D:7)
  2 adder skeletons
  6 worms
  3 dart slugs
  3 leopard geckos
  62 orcs
  4 ball pythons
  11 bats
  4 giant cockroaches
  22 goblins
  12 hobgoblins
  8 jackals
  3 quokkas
  4 frilled lizards
  8 kobolds
  A leopard gecko skeleton (D:5)
  A quokka skeleton (D:6)
  7 rats
341 creatures vanquished.

Vanquished Creatures (others)
  An orc (D:4)
  39 fungi (D:10)
  39 plants (D:10)
79 creatures vanquished.

Grand Total: 420 creatures vanquished

Notes
Turn   | Place    | Note
-------+----------+-------------------------------------------
     0 | D:1      | Borgoz the Troll Berserker began the quest for the Orb.
     0 | D:1      | Reached XP level 1. HP: 22/22 MP: 0/0
   224 | D:1      | Reached XP level 2. HP: 28/29 MP: 1/1
   681 | D:1      | You fall into a shaft and drop 1 floor!
   685 | D:2      | Reached skill level 1 in Armour
   685 | D:2      | Reached XP level 3. HP: 36/36 MP: 2/2
   687 | D:2      | Reached ** piety under Trog
   775 | D:2      | Noticed Sigmund
   798 | D:2      | Killed Sigmund
   799 | D:2      | Reached skill level 4 in Unarmed Combat
   799 | D:2      | Reached XP level 4. HP: 12/45 MP: 3/3
   799 | D:2      | Reached XP level 5. HP: 14/53 MP: 4/4
  1073 | D:2      | Noticed Robin
  1086 | D:2      | Killed Robin
  1160 | D:2      | Reached XP level 6. HP: 61/61 MP: 5/5
  1646 | D:3      | Found a shimmering altar of Xom.
  1698 | D:3      | Reached *** piety under Trog
  2124 | D:3      | Found a runed translucent door.
  2138 | D:3      | Found a runed translucent door.
  2138 | D:3      | Noticed emiel's ghost (amateur NaFi)
  2157 | D:3      | Killed emiel's ghost
  2158 | D:3      | Reached XP level 7. HP: 44/68 MP: 6/6
  2380 | D:3      | Found a hazy altar of Hepliaklqana.
  2599 | D:4      | Got an ichor-stained buckler
  2615 | D:4      | Reached **** piety under Trog
  2644 | D:4      | Noticed Menkaure
  2654 | D:4      | Killed Menkaure
  2655 | D:4      | Reached skill level 5 in Unarmed Combat
  2779 | D:4      | Found a snail-covered altar of Cheibriados.
  3066 | D:4      | Noticed a moth of wrath
  3070 | D:4      | Found a bloodstained altar of Trog.
  3229 | D:5      | Entered Level 5 of the Dungeon
  3276 | D:5      | Noticed Edmund
  3289 | D:5      | Killed Edmund
  3290 | D:5      | Reached XP level 8. HP: 55/79 MP: 7/7
  3370 | D:5      | Found a staircase to the Ecumenical Temple.
  3383 | Temple   | Entered the Ecumenical Temple
  3571 | D:5      | Found Juroxah's Weapon Emporium.
  4055 | D:6      | Noticed Maggie
  4067 | D:6      | Killed Maggie
  4068 | D:6      | Reached skill level 5 in Fighting
  4068 | D:6      | Reached skill level 5 in Dodging
  4068 | D:6      | Reached skill level 6 in Unarmed Combat
  4243 | D:6      | Found an opulent altar of Gozag.
  4365 | D:6      | Reached XP level 9. HP: 88/88 MP: 8/8
  4366 | D:6      | Reached ***** piety under Trog
  4891 | D:7      | Noticed Pikel
  4895 | D:7      | Reached skill level 5 in Armour
  4905 | D:7      | Killed Pikel
  4906 | D:7      | Reached skill level 7 in Unarmed Combat
  4955 | D:7      | Identified a scroll of acquirement
  4955 | D:7      | Acquired the ring "Qiff" {rF++ MP+9 Dex+6 Slay+3 Stlth-}
  5025 | D:7      | Found a white marble altar of Elyvilon.
  5274 | D:7      | Found an iron altar of Okawaru.
  5578 | D:8      | Noticed a centaur warrior
  5593 | D:8      | Killed a centaur warrior
  5594 | D:8      | Reached XP level 10. HP: 42/100 MP: 9/9
  5767 | D:8      | Received a gift from Trog
  5768 | D:8      | Reached skill level 8 in Unarmed Combat
  5916 | D:8      | Found an opulent altar of Gozag.
  6176 | D:9      | Found the -2 hat of the Alchemist {rElec rPois rF+ rC+ rN+
                  | Will+ rMut rCorr}
  6593 | D:9      | Noticed Prince Ribbit
  6603 | D:9      | Killed Prince Ribbit
  7267 | D:10     | Entered Level 10 of the Dungeon
  7267 | D:10     | Noticed Harold
  7277 | D:10     | Noticed a centaur warrior
  7683 | D:9      | Killed Harold
  7748 | D:10     | Killed a centaur warrior
  7749 | D:10     | Reached skill level 9 in Unarmed Combat
  7749 | D:10     | Reached XP level 11. HP: 56/109 MP: 10/10
  7886 | D:10     | Found a staircase to the Orcish Mines.
  8150 | D:10     | Noticed a centaur warrior
  8157 | D:10     | Killed a centaur warrior
  8158 | D:10     | Found a staircase to the Lair.
  8245 | D:10     | Found Fiomugholl's Magic Scroll Boutique.
  8253 | D:10     | Bought a scroll of identify for 28 gold pieces
  8253 | D:10     | Bought a scroll of identify for 28 gold pieces
  8253 | D:10     | Bought a scroll of teleportation for 42 gold pieces
  8498 | D:10     | Received a gift from Trog
  8801 | D:11     | Noticed Erolcha
  8805 | D:11     | Killed Erolcha
  8806 | D:11     | Reached skill level 10 in Unarmed Combat
  8851 | D:11     | Noticed a two-headed ogre
  8864 | D:11     | Killed a two-headed ogre
  8950 | D:11     | Reached XP level 12. HP: 29/122 MP: 4/11
  9019 | D:11     | Found a flagged portal.
  9060 | Bailey   | Entered a bailey
  9208 | Bailey   | Received a gift from Trog
  9426 | Bailey   | HP: 5/184 [gnoll/+0 spear[an orc] (7)]
  9428 | Bailey   | Mangled by an orc

Illustrated notes

Levels and vault maps discovered:
D:1:      dpeg_arrival_renting, layout_basic
D:2:      layout_basic, uniq_robin, uniq_sigmund
D:3:      kennysheep_six_static_rooms, layout_basic, brannock_xom_greatest_gift,
          nicolae_overflow_hidden_temple, ebering_ghost_sewer_f
D:4:      layout_rooms, cheibriados_altar_1, tgw_trog, uniq_menkaure
D:5:      layout_rooms, minmay_temple_entry_overgrown, serial_shops, shop,
          eino_tiny_chamber, uniq_edmund
D:6:      layout_basic, lemuel_doored_altar, uniq_maggie
D:7:      layout_basic, elyvilon_altar_4, kennysheep_okawaru_gauntlet,
          uniq_pikel
D:8:      layout_basic, grunt_gozag_breadcrumbs
D:9:      layout_layer_cave, uniq_prince_ribbit1
D:10:     layout_cave_pools, due_lair_maze_entry_diamond, david_orc_1_choice,
          serial_shops, shop, hangedman_abyss_or_decor_jellyfish_corner,
          minmay_hedge_maze, kennysheep_cross_room, uniq_harold
D:11:     layout_long_grid, enter_bailey_3, minmay_misc_feat_rugged, uniq_urug,
          uniq_grum, uniq_sonja, uniq_erolcha
Temple:   regret_index_temple_sphere_string
Bailey:   bailey_polearm_5, bailey

Skill      XL: |  1  2  3  4  5  6  7  8  9 10 11 12 |
---------------+-------------------------------------+-----
Armour         | 1 2 3 4 5 7 8 |  8.6
Fighting       | 3 4 5 6 7 8 9 |  9.1
Dodging        | 3 4 5 6 7 8 9 |  9.1
Unarmed Combat | 4 5 6 7 9 10 | 10.7

Action                   |  1- 3 |  4- 6 |  7- 9 | 10-12 || total
-------------------------+-------+-------+-------+-------++-------
Melee: Unarmed           |    77 |   163 |   308 |   474 ||  1022
       Punch             |       |     2 |     9 |    42 ||    53
Invok: Berserk           |       |       |     2 |     7 ||     9
       Trog's Hand       |       |       |     1 |     2 ||     3
Evoke: Wand              |       |       |     3 |       ||     3
  Use: Potion            |     1 |       |     1 |       ||     2
       Scroll            |       |     8 |     8 |    10 ||    26
 Stab: Sleeping          |     2 |     2 |       |       ||     4
Armor: Animal skin       |    31 |       |       |       ||    31
       Skin              |     4 |       |       |       ||     4
       Robe              |       |    67 |    64 |       ||   131
       Steam dragon scal |       |       |    53 |    84 ||   137
       Troll leather arm |       |       |       |    81 ||    81
Dodge: Dodged            |    40 |   113 |   181 |   533 ||   867

Table legend: (Time is in decaauts)
 A = Elapsed time spent in this place.
 B = Non-inter-level travel time spent in this place.
 C = Inter-level travel time spent in this place.
 D = Time resting spent in this place.
 E = Time spent auto-exploring this place.
 F = Levels seen in this place.
 G = Mean time per level.
                   A        B        C        D        E       F      G
               +--------+--------+--------+--------+--------+-----+--------+
         Total |   9364 |   9046 |    318 |   1349 |   5599 |  13 |  720.3 |
       Dungeon |   8857 |   8560 |    297 |   1218 |   5450 |  11 |  805.2 |
        Temple |    138 |    117 |     21 |      0 |    117 |   1 |  138.0 |
        Bailey |    368 |    368 |      0 |    130 |     32 |   1 |  368.0 |
               +--------+--------+--------+--------+--------+-----+--------+

Top non-repeatable levels by time:
     D:9: 1525 daAuts
    D:10: 1071 daAuts
     D:2: 958 daAuts
     D:3: 886 daAuts
     D:7: 812 daAuts
     D:6: 772 daAuts
     D:4: 700 daAuts
     D:1: 677 daAuts
     D:8: 608 daAuts
     D:5: 591 daAuts
  Bailey: 368 daAuts
    D:11: 253 daAuts
  Temple: 138 daAuts
